 Dungeon Crawl Stone Soup version 0.30-a0-629-gd54f4be4f7 (webtiles) character file.

Game seed: 15879044066146027118

11 acebull12 the Slasher (level 2, 0/22 HPs)
             Began as a Demonspawn Gladiator on Jan 12, 2023.
             Slain by a goblin
             ... wielding a +0 dagger
              (2 damage)
             ... on level 1 of the Dungeon.
             The game lasted 00:00:27 (183 turns).

acebull12 the Slasher (Demonspawn Gladiator)         Turns: 183, Time: 00:00:28

Health: 0/22       AC:  4    Str: 14    XL:     2   Next: 17%
Magic:  2/2        EV: 12    Int:  9    God:
Gold:   5          SH:  4    Dex: 14    Spells: 1/1 levels left

rFire   . . .      SeeInvis .    a - +0 long sword
rCold   . . .      Faith    .    (no shield)
rNeg    . . .      Spirit   .    b - +0 leather armour
rPois   .          Reflect  .    c - +0 helmet
rElec   .          Harm     .    (no cloak)
rCorr   .          Rampage  .    (no gloves)
Will    .....                    (no boots)
Stlth   +                        (no amulet)
HPRegen 0.23/turn                (no ring)
MPRegen 0.08/turn                (no ring)

@: no status effects
A: large bone plates 1
a: no special abilities


You were on level 1 of the Dungeon.
You visited 1 branch of the dungeon, and saw 1 of its levels.

You collected 5 gold pieces.

Inventory:

Hand Weapons
 a - a +0 long sword (weapon)
Missiles
 d - 3 throwing nets (quivered)
 e - a javelin
Armour
 b - a +0 leather armour (worn)
 c - a +0 helmet (worn)
Scrolls
 f - a scroll of identify {unknown}
 g - a scroll of enchant armour {unknown}


   Skills:
 + Level 2.0 Fighting
 + Level 2.9 Long Blades
 + Level 1.9 Throwing
 + Level 0.3 Armour
 + Level 2.8 Dodging


You had one spell level left.
You didn't know any spells.
Your spell library was empty.

Dungeon Overview and Level Annotations

Branches:
Dungeon (1/15)

Altars:


Innate Abilities, Weirdness & Mutations

You are partially covered in large bone plates. (SH +4)


Message History

The jackal barely misses you. You block the jackal's attack.
The jackal closely misses you. The rat closely misses you.
You block the goblin's attack. The jackal closely misses you.
The jackal bites you. The jackal barely misses you. The jackal bites you.
The rat misses you. The goblin barely misses you.
The jackal closely misses you. x2; The jackal completely misses you.
The jackal misses you. The jackal barely misses you. The rat barely misses you.
The goblin hits you but does no damage. The jackal completely misses you.
The jackal bites you. The jackal barely misses you.
The rat bites you but does no damage. The goblin hits you but does no damage.
You block the jackal's attack.
The jackal bites you but does no damage.
The jackal closely misses you. The jackal bites you. The rat barely misses you.
The jackal bites you. The goblin hits you but does no damage.
The jackal bites you but does no damage.
You block the jackal's attack. The jackal misses you.
The jackal bites you but does no damage.
The rat bites you but does no damage. The goblin hits you with a +0 dagger.
* * * LOW HITPOINT WARNING * * *
The jackal barely misses you.
The jackal bites you but does no damage.
You block the jackal's attack. The jackal misses you.
The goblin barely misses you. The rat barely misses you.
The jackal bites you but does no damage.
The jackal bites you.
* * * LOW HITPOINT WARNING * * *
The jackal bites you but does no damage.
The jackal closely misses you. The jackal misses you. The rat bites you.
* * * LOW HITPOINT WARNING * * *
The goblin closely misses you. The jackal completely misses you.
The jackal barely misses you. The jackal closely misses you.
The rat bites you but does no damage. The goblin closely misses you.
The jackal bites you but does no damage.
The jackal bites you but does no damage.
The jackal bites you.
* * * LOW HITPOINT WARNING * * *
The jackal barely misses you. The goblin hits you with a +0 dagger.
You die...

########..# .......#..#
# ##....#
######.#..#.##.##.......
#†).)..............
########..#.>...........
..##......# ###..#.....
..##.###...............
.....###########hg##.#..
......#####....h@h.(.!).
........†..(####r.##.##.
......####### #..#
.###### #........ .#
##.##.### ## .# # # .# #
.. # ..


You could see 3 jackals, a goblin and a rat.

Vanquished Creatures
  A giant cockroach (D:1)
  3 jackals (D:1)
  A kobold (D:1)
  2 ball pythons (D:1)
  2 frilled lizards (D:1)
  2 goblins (D:1)
11 creatures vanquished.

Notes
Turn   | Place    | Note
-------+----------+-------------------------------------------
     0 | D:1      | acebull12 the Demonspawn Gladiator began the quest for the
                  | Orb.
     0 | D:1      | Reached XP level 1. HP: 16/16 MP: 1/1
    82 | D:1      | Gained mutation: You are partially covered in large bone
                  | plates. (SH +4) [demonic ancestry]
    82 | D:1      | Reached XP level 2. HP: 10/22 MP: 2/2
   183 | D:1      | Slain by a goblin

Illustrated notes

Levels and vault maps discovered:
D:1:      nicolae_arrival_washed_ashore, layout_loops_ring,
          serial_bayou_crossing

Action                   || total
-------------------------++-------
Melee: Long sword        ||    34
Armor: Leather armour    ||    35
Dodge: Dodged            ||    68
Block: Other             ||     9

Table legend: (Time is in decaauts)
 A = Elapsed time spent in this place.
 B = Non-inter-level travel time spent in this place.
 C = Inter-level travel time spent in this place.
 D = Time resting spent in this place.
 E = Time spent auto-exploring this place.
 F = Levels seen in this place.
 G = Mean time per level.
                   A        B        C        D        E       F      G
               +--------+--------+--------+--------+--------+-----+--------+
         Total |    192 |    192 |      0 |      0 |    105 |   1 |  192.0 |
       Dungeon |    192 |    192 |      0 |      0 |    105 |   1 |  192.0 |
               +--------+--------+--------+--------+--------+-----+--------+

Top non-repeatable levels by time:
     D:1: 192 daAuts
